 Dungeon Crawl Stone Soup version 0.30-a0-772-g5528072125 (webtiles) character file.

Game seed: 1065316639289958268

1663 HammerPanzer the Cleaver (level 8, 0/96 HPs)
             Began as a Minotaur Berserker on Feb 12, 2023.
             Was a Priest of Trog.
             Slain by an orc warrior
             ... wielding a +0 great sword
              (10 damage)
             ... on level 6 of the Dungeon.
             The game lasted 00:10:34 (5384 turns).

HammerPanzer the Cleaver (Minotaur Berserker)       Turns: 5384, Time: 00:10:34

Health: 0/96       AC:  8    Str: 23    XL:     8   Next: 69%
Magic:  7/7        EV:  6    Int:  4    God:    Trog [***...]
Gold:   431        SH:  6    Dex: 11    Spells: 7/7 levels left

rFire   . . .      SeeInvis .    A - +0 war axe
rCold   + . .      Faith    .    n - +0 kite shield
rNeg    . . .      Spirit   .    C - +0 chain mail
rPois   .          Reflect  .    (helmet restricted)
rElec   .          Harm     .    (no cloak)
rCorr   .          Rampage  .    (no gloves)
Will    .....                    (no boots) Stlth
                                 (no amulet)
HPRegen 0.36/turn                o - ring of protection from cold
MPRegen 0.10/turn                (no ring)

@: berserking, very quick
A: horns 2, retaliatory headbutt
a: Renounce Religion, Berserk, Trog's Hand


You were on level 6 of the Dungeon.
You worshipped Trog.
Trog was most pleased with you.
You visited 1 branch of the dungeon, and saw 6 of its levels.

You collected 431 gold pieces.

Inventory:

Hand Weapons
 b - a +0 sling
 A - a +0 war axe (weapon)
Missiles
 f - 3 atropa-tipped darts
 h - 8 poisoned darts (quivered)
 j - 3 datura-tipped darts
Armour
 n - a +0 kite shield (worn)
 C - a +0 chain mail (worn)
Jewellery
 o - a ring of protection from cold (left hand)
Wands
 t - a wand of charming (7)
 u - a wand of roots (5)
 y - a wand of flame (9)
Scrolls
 a - a scroll of enchant armour
 i - 6 scrolls of poison
 p - a scroll of enchant weapon
 s - a scroll of fog {unknown}
 v - a scroll of fear
 w - 2 scrolls of identify
 x - a scroll of acquirement {unknown}
 B - a scroll of magic mapping
Potions
 c - 2 potions of flight {unknown}
 d - 3 potions of curing
 e - 3 potions of mutation
 g - a potion of invisibility {unknown}
 l - a potion of resistance {unknown}
 m - 4 potions of heal wounds {unknown}
 q - a potion of magic {unknown}
 r - a potion of lignification {unknown}
 z - a potion of haste {unknown}


   Skills:
 - Level 3.6 Fighting
 + Level 13.5 Axes
 - Level 2.4 Armour
 - Level 2.1 Dodging


You had 7 spell levels left.
You didn't know any spells.
Your spell library was empty.

Dungeon Overview and Level Annotations

Branches:
Dungeon (6/15)             Temple (0/1) D:6

Altars:
Cheibriados
Hepliaklqana
Kikubaaqudgha
Qazlal
Zin


Innate Abilities, Weirdness & Mutations

You have a pair of horns on your head.
You reflexively headbutt those who attack you in melee.


Message History

Found an escape hatch in the ceiling.
The orc throws a boomerang.
You block the boomerang.
An orc warrior comes into view. It is wielding a +0 great sword.
Found a short sword.
The orc warrior shouts!
You block the orc's attack.
You slash the orc!
You kill the orc!
Trog accepts your kill.
Things that are here:
a +0 flail; a boomerang; an orc corpse You completely miss the orc warrior.
You hit the orc warrior.
The orc warrior hits you with a +0 great sword!
You block the orc warrior's attack.
You slash the orc warrior!
The orc warrior is moderately wounded.
You hit the orc warrior but do no damage.
The orc warrior barely misses you. You furiously retaliate!
You headbutt the orc warrior.
The orc warrior hits you with a +0 great sword!
You completely miss the orc warrior. Your headbutt misses the orc warrior.
The orc warrior is heavily wounded.
You hit the orc warrior but do no damage.
The orc warrior hits you with a +0 great sword.
The orc warrior hits you with a +0 great sword!
A red film seems to cover your vision as you go berserk!
You feel yourself moving faster!
You feel mighty!
The orc warrior hits you with a +0 great sword! x2
* * * LOW HITPOINT WARNING * * *
You closely miss the orc warrior. Your headbutt misses the orc warrior.
The orc warrior is heavily wounded.
You hit the orc warrior but do no damage.
The orc warrior hits you with a +0 great sword!
* * * LOW HITPOINT WARNING * * *
You block the orc warrior's attack.
You slash the orc warrior!
The orc warrior is heavily wounded.
You closely miss the orc warrior. The orc warrior barely misses you.
The orc warrior hits you with a +0 great sword!
You die...

#######.#......
##.. #.# #.#..#.##
....###'####
#........
.....).....#
#####.#..#
......<....#
#.....>...
.........[.#
#.########
...........# #.# #
......o....# #.# #
......o@...# #.#
........)..# #.#
...........# #.#
##..).(....# #.#
#.........# #.#
######'####
#.######## #.#
#.........
#.################
#...............#


You could see 2 orc warriors.

Vanquished Creatures
  Eustachio (D:5)
  An orc warrior (D:6)
  2 ice beasts (D:5)
  2 ogres
  A centaur (D:5)
  A phantom (D:6)
  Blork the orc (D:6)
  A necrophage (D:5)
  A gnoll sergeant (D:6)
  3 scorpions
  A wight (D:5)
  A howler monkey (D:5)
  3 hounds
  4 jellies
  An iguana (D:3)
  An orc wizard (D:5)
  Ijyb (D:5)
  Robin (D:3)
  8 adders
  An ufetubus (D:6)
  2 worms
  5 dart slugs
  9 orcs
  8 ball pythons
  4 endoplasms
  2 giant cockroaches
  15 goblins
  10 hobgoblins
  2 jackals (D:1)
  5 kobolds
  4 quokkas
  5 bats
  4 frilled lizards
  5 rats
116 creatures vanquished.

Notes
Turn   | Place    | Note
-------+----------+-------------------------------------------
     0 | D:1      | HammerPanzer the Minotaur Berserker began the quest for the
                  | Orb.
     0 | D:1      | Reached XP level 1. HP: 19/19 MP: 0/0
    21 | D:1      | Reached skill level 4 in Axes
    56 | D:1      | Reached XP level 2. HP: 26/26 MP: 1/1
   495 | D:1      | Reached ** piety under Trog
   496 | D:1      | Reached skill level 5 in Axes
   576 | D:1      | Reached XP level 3. HP: 30/31 MP: 2/2
   958 | D:2      | Found a faded altar of an unknown god.
  1043 | D:2      | Found a stormy altar of Qazlal.
  1749 | D:3      | Reached skill level 6 in Axes
  1749 | D:3      | Reached XP level 4. HP: 39/39 MP: 3/3
  1906 | D:3      | Noticed Robin
  1916 | D:3      | Killed Robin
  2073 | D:3      | Identified the +4 tower shield of Objectivity {Harm}
  2253 | D:3      | Found an ancient bone altar of Kikubaaqudgha.
  2440 | D:4      | Noticed a scorpion
  2481 | D:4      | Killed a scorpion
  2482 | D:4      | Reached skill level 7 in Axes
  2482 | D:4      | Reached XP level 5. HP: 30/45 MP: 4/4
  2824 | D:4      | Found a hazy altar of Hepliaklqana.
  2849 | D:4      | Noticed an ogre
  3007 | D:4      | Reached skill level 8 in Axes
  3007 | D:4      | Reached XP level 6. HP: 51/51 MP: 5/5
  3556 | D:5      | Entered Level 5 of the Dungeon
  3561 | D:5      | Reached *** piety under Trog
  3589 | D:5      | Reached skill level 9 in Axes
  3596 | D:5      | Reached XP level 7. HP: 37/57 MP: 6/6
  3744 | D:5      | Noticed Ijyb
  3763 | D:5      | Reached skill level 10 in Axes
  3765 | D:5      | Killed Ijyb
  3859 | D:5      | Noticed Eustachio
  3931 | D:5      | Killed Eustachio
  3932 | D:5      | Reached skill level 11 in Axes
  4038 | D:5      | Reached XP level 8. HP: 64/64 MP: 7/7
  4135 | D:5      | Reached skill level 12 in Axes
  4537 | D:6      | Noticed Blork the orc
  4564 | D:6      | Found a glowing silver altar of Zin.
  4595 | D:6      | Found a staircase to the Ecumenical Temple.
  4834 | D:6      | Found a snail-covered altar of Cheibriados.
  4977 | D:6      | Reached skill level 13 in Axes
  5018 | D:6      | Killed Blork the orc
  5384 | D:6      | Slain by an orc warrior

Illustrated notes

Levels and vault maps discovered:
D:1:      erik_arrival_triangle_large, layout_loops_ring, chequers_arboretum,
          minmay_crystal_room
D:2:      layout_basic, hellmonk_ecumenical_altar_lost_god, basic_altar,
          ebering_dispersal_statue_hall
D:3:      layout_basic, lemuel_doored_altar, minmay_cupped, uniq_robin
D:4:      layout_basic, nzn_hepliaklqana_mist_gate
D:5:      layout_rooms, minmay_misc_feat_room, st_stairs_10,
          dreamdust_wishing_well, hangedman_abyss_or_decor_lesser_grid,
          corexii_hall_statues_deadend, uniq_eustachio, uniq_ijyb
D:6:      layout_basic, mainiacjoe_overflow_cross_hatched,
          cheibrodos_worm_habitat, temple_hall, sword_in_stone

Skill      XL: |  1  2  3  4  5  6  7  8 |
---------------+-------------------------+-----
Axes           | 4 5 6 7 8 9 11 13 | 13.5
Fighting       | |  3.6
Armour         | |  2.4
Dodging        | |  2.1

Action                     |  1- 3 |  4- 6 |  7- 9 || total
---------------------------+-------+-------+-------++-------
  Melee: Hand axe          |    71 |    68 |    96 ||   235
         Headbutt          |    10 |    10 |    19 ||    39
         War axe           |       |       |    12 ||    12
  Throw: Dart              |       |       |     4 ||     4
 Invoke: Berserk           |       |     3 |     5 ||     8
    Use: Scroll            |     7 |     2 |     1 ||    10
         Potion            |       |       |     1 ||     1
   Stab: Sleeping          |     1 |       |       ||     1
 Armour: Animal skin       |     2 |       |       ||     2
         Ring mail         |    10 |    23 |    16 ||    49
         Chain mail        |       |       |     4 ||     4
  Dodge: Dodged            |    51 |    26 |    36 ||   113
  Block: Kite shield       |       |    12 |    35 ||    47

Table legend: (Time is in decaauts)
 A = Elapsed time spent in this place.
 B = Non-inter-level travel time spent in this place.
 C = Inter-level travel time spent in this place.
 D = Time resting spent in this place.
 E = Time spent auto-exploring this place.
 F = Levels seen in this place.
 G = Mean time per level.
                   A        B        C        D        E       F      G
               +--------+--------+--------+--------+--------+-----+--------+
         Total |   5458 |   5323 |    135 |   1116 |   3255 |   6 |  909.7 |
       Dungeon |   5458 |   5323 |    135 |   1116 |   3255 |   6 |  909.7 |
               +--------+--------+--------+--------+--------+-----+--------+

Top non-repeatable levels by time:
     D:4: 1322 daAuts
     D:6: 951 daAuts
     D:1: 904 daAuts
     D:2: 798 daAuts
     D:5: 780 daAuts
     D:3: 701 daAuts
